 Dungeon Crawl Stone Soup version 0.31-a0-795-g5eb97db20b (webtiles) character file.

Game seed: 11505238663882057535

82 Hubris850 the Ruffian (level 4, 0/35 HPs)
             Began as a Draconian Shapeshifter on Sept 18, 2023.
             Was a Follower of Qazlal.
             Slain by an orc wizard
             ... wielding a +2 dagger of distortion
              (6 damage)
             ... on level 3 of the Dungeon.
             The game lasted 00:04:06 (1843 turns).

Hubris850 the Ruffian (Draconian Shapeshifter)      Turns: 1843, Time: 00:04:08

Health: 0/35       AC:  5    Str: 16    XL:     4   Next: 21%
Magic:  4/4        EV: 12    Int: 10    God:    Qazlal [*.....]
Gold:   83         SH:  1    Dex: 13    Spells: 3/3 levels left

rFire   . .          .
                       - Unarmed
rCold   . . .        (no shield)
rNeg    . . .        (body armour unavailable)
rPois   .            (helmet currently unavailable)
rElec   .            (cloak currently unavailable)
rCorr   .            o - melded +0 pair of gloves
SInv    .            q - melded +0 pair of boots
Will    .....        (no amulet)
Stlth   +            (no ring)
HPRegen 0.25/turn    (no ring)
MPRegen 0.09/turn

%: no passive effects
@: beast-form
A: beast (slay +2), AC +5, unfitting armour, cold-blooded
a: Begin Untransformation, Renounce Religion


You were on level 3 of the Dungeon.
You worshipped Qazlal.
Qazlal was aware of your devotion.
You were a hulking beast.
You visited 1 branch of the dungeon, and saw 3 of its levels.

You collected 83 gold pieces.

Inventory:

Hand Weapons
 h - a +0 hand axe
 s - a +1 mace of draining
Missiles
 l - 4 javelins
 n - 6 poisoned darts
Armour
 o - a +0 pair of gloves (melded)
 q - a +0 pair of boots (melded)
Talismans
 b - a beast talisman (active)
 c - a flux talisman
Scrolls
 d - 3 scrolls of identify {unknown}
 f - a scroll of torment {unknown}
 j - 2 scrolls of fear {unknown}
 r - 2 scrolls of teleportation {unknown}
Potions
 e - a potion of curing {unknown}
 g - a potion of resistance {unknown}
 i - a potion of might {unknown}
 k - a potion of berserk rage {unknown}
 m - a potion of heal wounds {unknown}
 p - a potion of attraction {unknown}
 t - a potion of mutation {unknown}


   Skills:
 - Level 1.1 Fighting
 + Level 2.8 Dodging
 + Level 3.7 Unarmed Combat
 + Level 3.6 Shapeshifting


You had 3 spell levels left.
You didn't know any spells.
Your spell library contained the following spells:

 Spells                   Type           Power      Damage    Failure   Level
 Apportation              Tloc           0%         N/A       36%         1
 Kiss of Death            Conj/Necr      0%         2d5       36%         1
 Ensorcelled Hibernation  Hex/Ice        0%         N/A       50%         2
 Jinxbite                 Hex            0%         N/A       50%         2
 Confusing Touch          Hex            0%         N/A       75%         3
 Gell's Gravitas          Tloc           0%         N/A       75%         3
 Teleport Other           Tloc           0%         N/A       75%         3
 Anguish                  Hex/Necr       0%         N/A       98%         4
 Dispel Undead            Necr           0%         3d6       98%         4
 Alistair's Intoxication  Tmut/Pois      0%         N/A       100%        5
 Dispersal                Tloc           0%         N/A       100%        6


Dungeon Overview and Level Annotations

Branches:
Dungeon (3/15)

Altars:
Qazlal

Shops:
D:2 [

Portals:
Sewer: D:3


Innate Abilities, Weirdness & Mutations

You are a hulking beast.
Your limbs bulge with bestial killing power. (Slay +2)
Your plain brown scales are hard. (AC +5)
You cannot fit into any form of body armour.
You are cold-blooded and may be slowed by cold attacks.


Message History

You throw a javelin.
The javelin closely misses the orc wizard.
Throw: 7 javelins
Press: ? - help, Shift-Dir - straight line, f/p - orc wizard
Aim: an orc wizard, wielding a +2 dagger of distortion and wearing a +0 robe (lightly wounded, 47% to hit)
You throw a javelin.
The javelin closely misses the orc wizard.
The orc wizard points at you and mumbles some strange words.
The magic dart hits you!
The orc wizard points at you and mumbles some strange words.
The puff of flame hits you!
Throw: 6 javelins
Press: ? - help, Shift-Dir - straight line, f/p - orc wizard
Aim: an orc wizard, wielding a +2 dagger of distortion and wearing a +0 robe (lightly wounded, 47% to hit)
You throw a javelin.
The javelin closely misses the orc wizard.
Unknown command.
Throw: 5 javelins
Press: ? - help, Shift-Dir - straight line, f/p - orc wizard
Aim: an orc wizard, wielding a +2 dagger of distortion and wearing a +0 robe (lightly wounded, 47% to hit)
You throw a javelin.
The javelin closely misses the orc wizard.
You closely miss the orc wizard.
The orc wizard is lightly wounded.
The orc wizard hits you with a +2 dagger of distortion.
You barely miss the orc wizard.
The orc wizard is lightly wounded.
The orc wizard hits you but does no damage.
Space warps horribly around you!
* * * LOW HITPOINT WARNING * * *
You hit the orc wizard but do no damage.
The orc wizard is lightly wounded.
The orc wizard barely misses you.
You barely miss the orc wizard.
The orc wizard is lightly wounded.
You hear the brisk rusting of a drain.
The orc wizard hits you with a +2 dagger of distortion.
* * * LOW HITPOINT WARNING * * *
Space warps around you.
You die...

# .. ### #.# ...
#.## #.##
##..#####..#
##..........#
#######...........#
......†....~~~...#
#######...~~~~~.h#
#
####.#..~~∩~~.o###
#
........~~~~~....#
# .###.#...~~~...#.
##...†......#..
#......(...# ##
#.######....# #.
#####.# #.


You could see an orc wizard.

Vanquished Creatures
  Robin (D:3)
  An adder (D:2)
  2 bats (D:1)
  4 endoplasms
  3 giant cockroaches
  9 hobgoblins
  11 jackals (D:1)
  2 ball pythons
  2 frilled lizards (D:2)
  10 goblins
  5 kobolds
  5 rats
55 creatures vanquished.

Notes
Turn   | Place    | Note
-------+----------+-------------------------------------------
     0 | D:1      | Hubris850 the Draconian Shapeshifter began the quest for
                  | the Orb.
     0 | D:1      | Reached XP level 1. HP: 16/16 MP: 1/1
   182 | D:1      | Reached XP level 2. HP: 18/23 MP: 2/2
   993 | D:1      | Reached XP level 3. HP: 20/28 MP: 3/3
  1230 | D:2      | Found Oxump's Armour Shop.
  1231 | D:2      | Noticed an animated plate armour
  1232 | D:2      | Noticed an animated storm dragon scales
  1276 | D:2      | Found a stormy altar of Qazlal.
  1298 | D:2      | Became a worshipper of Qazlal Stormbringer
  1538 | D:2      | You fall into a shaft and drop 1 floor!
  1617 | D:3      | Noticed Robin
  1648 | D:3      | Killed Robin
  1649 | D:3      | Reached XP level 4. HP: 12/35 MP: 4/4
  1802 | D:3      | Found a glowing drain.
  1818 | D:3      | Reached * piety under Qazlal
  1843 | D:3      | Slain by an orc wizard

Illustrated notes

Levels and vault maps discovered:
D:1:      dpeg_arrival_round_c, layout_basic
D:2:      layout_basic, basic_altar, serial_shops, nicolae_shop_mannequins
D:3:      layout_loops_ring, portal_sewer_entry_a, uniq_crazy_yiuf_cottage,
          uniq_robin

Skill      XL: |  1 |
---------------+----+-----
Dodging        | 2 |  2.8
Fighting       | |  1.1
Unarmed Combat | |  3.7
Shapeshifting  | |  3.6

Action                     |  1- 3 |  4- 6 || total
---------------------------+-------+-------++-------
  Melee: Unarmed           |   124 |    27 ||   151
         Tailslap          |     9 |     3 ||    12
         Punch             |     2 |       ||     2
  Throw: Javelin           |       |     4 ||     4
Ability: Begin Untransform |     1 |       ||     1
    Use: Potion            |     1 |       ||     1
 Armour: Skin              |    74 |    13 ||    87
  Dodge: Dodged            |    86 |    10 ||    96
   Form: Beast             |     1 |       ||     1

Table legend: (Time is in decaauts)
 A = Elapsed time spent in this place.
 B = Non-inter-level travel time spent in this place.
 C = Inter-level travel time spent in this place.
 D = Time resting spent in this place.
 E = Time spent auto-exploring this place.
 F = Levels seen in this place.
 G = Mean time per level.
                   A        B        C        D        E       F      G
               +--------+--------+--------+--------+--------+-----+--------+
         Total |   1836 |   1809 |     27 |    125 |   1319 |   3 |  612.0 |
       Dungeon |   1836 |   1809 |     27 |    125 |   1319 |   3 |  612.0 |
               +--------+--------+--------+--------+--------+-----+--------+

Top non-repeatable levels by time:
     D:1: 1210 daAuts
     D:2: 322 daAuts
     D:3: 303 daAuts
